 Dungeon Crawl Stone Soup version 0.32-a0-290-g598725c5f2 (webtiles) character file.

Game seed: 16985608929951816168

38172 CougarLife the Destroyer (level 14, -3/84 HPs)
             Began as a Gargoyle Earth Elementalist on Feb 14, 2024.
             Was a High Priest of Vehumet.
             Engulfed by a cloud of freezing vapour (15 damage)
             ... on level 5 of the Lair of Beasts.
             The game lasted 00:35:07 (17925 turns).

CougarLife the Destroyer (GrEE)                    Turns: 17925, Time: 00:35:08

Health: -3/84      AC: 23    Str: 12    XL:     14   Next: 1%
Magic:  5/29       EV: 12    Int: 27    God:    Vehumet [*****.]
Gold:   1057       SH:  0    Dex: 10    Spells: 18/35 levels left

rFire   . . .        M - staff of conjuration
rCold   . . .        (no shield)
rNeg    + . .        L - +0 troll leather armour
rPois   ∞            q - +2 helmet
rElec   +            C - +2 cloak {Stlth+}
rCorr   .            k - +0 pair of gloves
SInv    .            F - +0 pair of boots
Will    ++...        O - amulet of magic regeneration
Stlth   +++          e - +6 ring of intelligence
HPRegen 1.14/turn    A - ring of willpower
MPRegen 0.61/turn

%: no passive effects
@: flying, hasted, very quick
A: sickness immunity, AC +10, big wings, negative energy resistance 1,
electricity resistance, torment resistance 1, petrification resistance
a: Renounce Religion


You were on level 5 of the Lair of Beasts.
You worshipped Vehumet.
Vehumet was extremely pleased with you.
You visited 3 branches of the dungeon, and saw 17 of its levels.
You also visited: Bailey.

You collected 1057 gold pieces.

Inventory:

Armour
 k - a +0 pair of gloves (worn)
 q - a +2 helmet (worn)
 C - a +2 cloak of stealth (worn)
 F - a +0 pair of boots (worn)
 L - a +0 troll leather armour (worn)
Magical Staves
 M - a staff of conjuration (weapon)
Jewellery
 e - a +6 ring of intelligence (left hand)
 p - a ring of protection from cold
 A - a ring of willpower (right hand)
 K - a ring of ice
 O - an amulet of magic regeneration (around neck)
Wands
 j - a wand of mindburst (12)
 u - a wand of flame (16)
 H - a wand of paralysis (9)
 J - a wand of roots (10)
Scrolls
 a - 5 scrolls of vulnerability {unknown}
 c - 4 scrolls of immolation {unknown}
 f - 3 scrolls of enchant weapon
 g - 6 scrolls of teleportation
 l - a scroll of brand weapon {unknown}
 m - 2 scrolls of fear
 o - 2 scrolls of blinking {unknown}
 s - 4 scrolls of revelation {unknown}
 v - 3 scrolls of fog {unknown}
 x - a scroll of enchant armour {unknown}
 y - 3 scrolls of amnesia {unknown}
 I - a scroll of torment {unknown}
 N - a scroll of acquirement {unknown}
Potions
 b - 3 potions of magic
 d - 6 potions of haste
 h - 4 potions of curing
 i - 4 potions of attraction {unknown}
 n - 6 potions of might
 r - 2 potions of brilliance {unknown}
 t - 4 potions of heal wounds {unknown}
 w - 3 potions of degeneration {unknown}
 z - 5 potions of ambrosia
 B - 5 potions of cancellation {unknown}
 D - 3 potions of invisibility {unknown}
 E - 5 potions of mutation
 G - a potion of resistance {unknown}


   Skills:
 + Level 8.5 Fighting
 - Level 7.4 Armour
 - Level 4.4 Dodging
 - Level 2.1 Stealth
 + Level 11.0 Spellcasting
 + Level 12.7 Conjurations
 + Level 4.0 Fire Magic
 - Level 6.0 Ice Magic
 - Level 4.2 Air Magic
 - Level 11.8 Earth Magic


You had 18 spell levels left.
You knew the following spells:

 Your Spells              Type           Power      Damage    Failure   Level
a - Sandblast             Erth           100%       2d20      1%          1
b - Stone Arrow           Conj/Erth      100%       3d13      1%          3
c - Mephitic Cloud        Conj/Alch/Air  62%        N/A       1%          3
d - Freezing Cloud        Conj/Ice/Air   35%        6-21      1%          5
e - Lee's Rapid Deconstr  Erth           34%        3d17*     1%          5

Your spell library contained the following spells:

 Spells                   Type           Power      Damage    Failure   Level
 Sting                    Conj/Alch      100%       1d9       1%          1
 Dazzling Flash           Conj/Hex       100%       N/A       1%          3
 Passwall                 Erth           68%        N/A       1%          3
 Brom's Barrelling Bould  Conj/Erth      89%        2d10      1%          4
 Apportation              Tloc           28%        N/A       4%          1
 Necrotise                Necr           56%        1d6       4%          1
 Summon Small Mammal      Summ           56%        N/A       4%          1
 Petrify                  Alch/Erth      46%        N/A       4%          4
 Ignite Poison            Fire/Alch      25%        N/A       5%          4
 Silence                  Hex/Air        13%        N/A       50%         5
 Curse of Agony           Necr           14%        N/A       78%         5
 Cigotuvi's Dreadful Rot  Necr/Alch/Air  Unusable   N/A       N/A         2

Dungeon Overview and Level Annotations

Branches:
Dungeon (11/15)            Temple (1/1) D:5            Lair (5/5) D:8
  Swamp (0/4) Lair:3        Snake (0/4) Lair:3        Slime (0/5) Lair:4
    Orc (0/2) D:9          Bailey (visited)

Altars:
Ashenzari
Cheibriados
Dithmenos
Elyvilon
Fedhas
Gozag
Hepliaklqana
Kikubaaqudgha
Makhleb
Nemelex Xobeh
Okawaru
Qazlal
Ru
Sif Muna
Trog
Uskayaw
Vehumet
Wu Jian
Xom
Yredelemnul
Zin
The Shining One
Jiyva

Annotations:
D:4 1 runed translucent door
D:8 Jeremiah
D:10 3 runed translucent doors
Lair:2 2 transporters, Ogit's ghost, adept GnGl


Innate Abilities, Weirdness & Mutations

You are immune to sickness and miasma.
Your stone body is resilient. (AC +10)
You are immune to poison.
Your large and strong wings let you fly.
You resist negative energy. (rN+)
You are resistant to electric shocks. (rElec)
You are resistant to unholy torment.
You are immune to petrification.


Message History

You feel your power returning.
The death yak is engulfed in freezing vapours.
The death yak gores you but does no damage.
The yak is engulfed in freezing vapours.
You kill the yak!
Vehumet accepts your kill.
You feel your power returning.
The death yak is engulfed in freezing vapours.
The death yak gores you!
Your Fire Magic skill increases to level 4!
You have reached level 14!
Your wings grow larger and stronger.
Casting: Freezing Cloud (dangerous; 1% risk of failure)
Confirm with . or Enter, or press ? or * to list all spells.
Aiming: Stone Arrow (safe; 1% risk of failure)
Press: ? - help, Shift-Dir - straight line, f - death yak
Aim: a death yak (freezing vapour, heavily wounded, 92% to hit)
You feel a surge of power!
The stone arrow hits the death yak!
The death yak is heavily wounded.
You are engulfed in freezing vapours.
The death yak is engulfed in freezing vapours.
The death yak gores you!
The catoblepas is engulfed in freezing vapours.
The death yak is engulfed in freezing vapours.
The death yak gores you!
Casting: Stone Arrow (safe; 1% risk of failure)
Confirm with . or Enter, or press ? or * to list all spells.
Aiming: Stone Arrow (safe; 1% risk of failure)
Press: ? - help, Shift-Dir - straight line, f/p - death yak
Aim: a death yak (freezing vapour, heavily wounded, 92% to hit)
You feel a surge of power!
The stone arrow hits the death yak!!
The death yak is almost dead.
You are engulfed in freezing vapours.
* * * LOW HITPOINT WARNING * * *
The death yak is engulfed in freezing vapours.
The death yak gores you but does no damage.
The death yak is engulfed in freezing vapours.
The death yak gores you but does no damage.
You feel yourself speed up.
You are engulfed in freezing vapours.
You die...

...#.......#
.....§§§.
....§.§ #..§§#
#.⌠.# ##§§§##
#.§§§.# #.YY°.#
#.@§☼.# #
#.†...#
#...###Y⌠.##
#.....†$.†#
.#....○.......#
..##.........##
##.......##
###....##
#.⌠.#.


You could see 2 death yaks and a catoblepas.

Vanquished Creatures
  Gastronok (D:9)
  A hydra (Lair:2)
  A centaur warrior (D:11)
  Erica (D:8)
  5 two-headed ogres
  A death yak (Lair:5)
  Urug (Lair:4)
  An ugly thing (D:11)
  4 oklob plants
  A salamander (Lair:3)
  5 elephants
  4 black mambas
  A gargoyle (D:11)
  6 cane toads
  An unseen horror (D:10)
  5 komodo dragons
  A rime drake (Lair:3)
  A kobold demonologist (D:10)
  A tengu conjurer (D:11)
  5 trolls
  3 hornets
  A queen bee (D:10)
  Grinder (D:3)
  19 blink frogs
  4 dream sheep (Lair:3)
  A wyvern (D:10)
  50 yaks
  3 basilisks
  A shadow (D:11)
  2 steam dragons
  Menkaure (D:6)
  13 water moccasins
  An acid dragon (D:10)
  Duvessa (D:6)
  3 sky beasts
  4 orc warriors
  A black bear (Lair:2)
  3 wolves (Lair:3)
  An ogre (D:5)
  3 centaurs
  4 kobold brigands
  13 bullfrogs
  A gnoll sergeant (D:10)
  2 scorpions (D:5)
  3 wights (D:9)
  Dowan (D:6)
  20 killer bees
  3 howler monkeys
  An electric eel (Lair:2)
  2 bombardier beetles
  6 orc priests
  4 lava snakes (Lair:3)
  4 hounds
  5 jellies
  2 gnoll boudas
  Natasha (thrice) (D:3)
  5 iguanas
  10 orc wizards
  Robin (D:2)
  11 adders
  12 gnolls
  A white imp (D:8)
  A dart slug (D:4)
  3 ribbon worms
  67 orcs
  7 ball pythons
  10 endoplasms
  16 giant cockroaches
  20 goblins
  8 hobgoblins
  4 jackals
  2 quokkas
  3 bats
  6 frilled lizards
  17 kobolds
  3 rats
444 creatures vanquished.

Notes
Turn   | Place    | Note
-------+----------+-------------------------------------------
     0 | D:1      | CougarLife the Gargoyle Earth Elementalist began the quest
                  | for the Orb.
     0 | D:1      | Reached XP level 1. HP: 10/10 MP: 3/3
   115 | D:1      | Reached XP level 2. HP: 14/15 MP: 3/5
   360 | D:1      | Reached skill level 2 in Conjurations
   360 | D:1      | Reached XP level 3. HP: 19/19 MP: 3/6
   643 | D:1      | Reached XP level 4. HP: 24/24 MP: 4/8
  1163 | D:1      | Found a faded altar of an unknown god.
  1632 | D:2      | Noticed Robin
  1661 | D:2      | Killed Robin
  1795 | D:2      | Identified the ring of Ashenzari's Envy {^Contam rPois
                  | rCorr Str+3}
  1905 | D:2      | Reached skill level 3 in Conjurations
  1905 | D:2      | Reached XP level 5. HP: 28/28 MP: 5/9
  2064 | D:2      | Found a stormy altar of Qazlal.
  2366 | D:3      | Learned a level 3 spell: Stone Arrow
  2389 | D:3      | Reached skill level 5 in Earth Magic
  2433 | D:3      | Noticed Grinder
  2439 | D:3      | Paralysed by Grinder for 3 turns
  2448 | D:3      | Killed Grinder
  2449 | D:3      | Reached skill level 4 in Conjurations
  2449 | D:3      | Reached XP level 6. HP: 32/32 MP: 0/11
  2544 | D:3      | Noticed Natasha
  2549 | D:3      | Killed Natasha
  2553 | D:3      | Noticed Natasha
  2555 | D:3      | Killed Natasha
  2837 | D:3      | Reached XP level 7. HP: 36/36 MP: 9/13
  2837 | D:3      | Noticed Natasha
  2849 | D:3      | Killed Natasha
  3528 | D:4      | Found an iron altar of Okawaru.
  3528 | D:4      | Found a runed translucent door.
  3612 | D:4      | Found the +0 toga "Victory" {*Victory Clar}
  3898 | D:4      | Reached skill level 5 in Conjurations
  4641 | D:5      | Entered Level 5 of the Dungeon
  4662 | D:5      | Reached skill level 5 in Spellcasting
  4665 | D:5      | Reached XP level 8. HP: 41/41 MP: 7/15
  4973 | D:5      | Found a staircase to the Ecumenical Temple.
  4977 | D:5      | Reached skill level 6 in Conjurations
  5009 | Temple   | Entered the Ecumenical Temple
  5019 | Temple   | Became a worshipper of Vehumet
  5964 | D:6      | Reached skill level 7 in Conjurations
  5964 | D:6      | Reached XP level 9. HP: 45/45 MP: 15/18
  6094 | D:6      | Noticed Duvessa
  6095 | D:6      | Noticed Dowan
  6106 | D:6      | Killed Duvessa
  6110 | D:6      | Killed Dowan
  6178 | D:6      | Noticed Menkaure
  6181 | D:6      | Killed Menkaure
  6615 | D:7      | Found a flagged portal.
  6711 | D:7      | Reached * piety under Vehumet
  6711 | D:7      | Offered knowledge of Magic Dart by Vehumet.
  6731 | Bailey   | Entered a bailey
  7202 | D:7      | Found a stormy altar of Qazlal.
  7496 | D:8      | Noticed Erica
  7500 | D:8      | Killed Erica
  7501 | D:8      | Reached skill level 8 in Conjurations
  7546 | D:8      | Reached skill level 1 in Armour
  7546 | D:8      | Reached XP level 10. HP: 50/50 MP: 7/20
  7793 | D:8      | Found a staircase to the Lair.
  7866 | D:8      | Found a shimmering blue altar of Sif Muna.
  7929 | D:8      | Noticed Jeremiah
  8818 | D:8      | Reached ** piety under Vehumet
  8818 | D:8      | Offered knowledge of Mercury Vapours by Vehumet.
  8819 | D:8      | Reached skill level 10 in Earth Magic
  9171 | D:9      | Noticed Gastronok
  9182 | D:9      | Killed Gastronok
  9183 | D:9      | Reached skill level 5 in Armour
  9270 | D:9      | Noticed a two-headed ogre
  9282 | D:9      | Killed a two-headed ogre
  9283 | D:9      | Reached skill level 9 in Conjurations
  9549 | D:9      | Found a shimmering altar of Xom.
  9587 | D:9      | Reached XP level 11. HP: 28/54 MP: 16/23
 10029 | D:9      | Offered knowledge of Momentum Strike by Vehumet.
 10049 | D:9      | Found a staircase to the Orcish Mines.
 10180 | D:9      | Learned a level 3 spell: Mephitic Cloud
 10181 | D:10     | Entered Level 10 of the Dungeon
 10369 | D:10     | Found a runed translucent gate.
 10369 | D:10     | Found a runed translucent gate.
 10369 | D:10     | Found a runed translucent gate.
 10369 | D:10     | Noticed a glowing orange brain
 10369 | D:10     | Noticed a green ugly thing
 10370 | D:10     | Noticed a green ugly thing
 10370 | D:10     | Noticed a red ugly thing
 10370 | D:10     | Noticed a red ugly thing
 10470 | D:10     | Identified the +5 arbalest of the Land of Plenty {freeze,
                  | rPois rF- rN+ Dex+2}
 10494 | D:10     | Reached skill level 1 in Air Magic
 10549 | D:10     | an eye of devastation changed into a steelbarb worm
 10549 | D:10     | Noticed a steelbarb worm (glowing shapeshifter)
 10552 | D:10     | a steelbarb worm changed into a torpor snail
 10621 | D:10     | Reached *** piety under Vehumet
 10657 | D:10     | Reached skill level 1 in Fighting
 10822 | D:10     | a swamp worm changed into a swamp dragon
 10822 | D:10     | Noticed a swamp dragon (glowing shapeshifter)
 10853 | D:10     | Noticed a two-headed ogre
 10861 | D:10     | Killed a two-headed ogre
 11250 | D:10     | Noticed a two-headed ogre
 11258 | D:10     | Killed a two-headed ogre
 11259 | D:10     | Reached skill level 10 in Conjurations
 11328 | D:10     | Noticed a two-headed ogre
 11339 | D:10     | Killed a two-headed ogre
 11493 | D:10     | Noticed a two-headed ogre
 11501 | D:10     | Killed a two-headed ogre
 11558 | D:10     | Reached XP level 12. HP: 64/64 MP: 16/24
 12014 | D:11     | Identified the ring of Modesty {rF+ Will- EV+5 Str+3}
 12053 | D:11     | Offered knowledge of Frozen Ramparts by Vehumet.
 12294 | D:11     | Noticed a centaur warrior
 12307 | D:11     | Killed a centaur warrior
 12552 | D:11     | Reached skill level 5 in Fighting
 12924 | D:11     | Reached skill level 11 in Conjurations
 13197 | Lair:1   | Entered Level 1 of the Lair of Beasts
 13236 | Lair:1   | Learned a level 5 spell: Freezing Cloud
 13266 | Lair:1   | Reached skill level 1 in Ice Magic
 13269 | Lair:1   | Reached **** piety under Vehumet
 13936 | Lair:1   | Offered knowledge of Volatile Blastmotes by Vehumet.
 14285 | Lair:2   | Reached skill level 10 in Spellcasting
 14285 | Lair:2   | Reached XP level 13. HP: 74/74 MP: 18/27
 14613 | Lair:2   | Found a glowing silver altar of Zin.
 14630 | Lair:2   | Reached skill level 5 in Ice Magic
 14842 | Lair:2   | Found a transporter.
 14901 | Lair:2   | Found a transporter.
 14946 | Lair:2   | Noticed Ogit's ghost (adept GnGl)
 15479 | Lair:3   | Reached skill level 12 in Conjurations
 15540 | Lair:3   | Found a staircase to the Snake Pit.
 15890 | Lair:3   | Reached skill level 1 in Fire Magic
 15892 | Lair:3   | Reached ***** piety under Vehumet
 16045 | Lair:3   | Offered knowledge of Lee's Rapid Deconstruction by Vehumet.
 16311 | Lair:3   | Found a staircase to the Swamp.
 16486 | Lair:3   | Found a blossoming altar of Fedhas.
 17005 | Lair:4   | Noticed Urug
 17011 | Lair:4   | Killed Urug
 17133 | Lair:4   | Found a viscous altar of Jiyva.
 17134 | Lair:4   | Found a staircase to the Slime Pits.
 17885 | Lair:4   | Learned a level 5 spell: Lee's Rapid Deconstruction
 17886 | Lair:5   | Entered Level 5 of the Lair of Beasts
 17923 | Lair:5   | Gained mutation: Your large and strong wings let you fly.
                  | [Gargoyle growth]
 17923 | Lair:5   | Reached XP level 14. HP: 51/84 MP: 10/29
 17925 | Lair:5   | Engulfed by a cloud of freezing vapour

Illustrated notes

Levels and vault maps discovered:
D:1:      minmay_arrival_loop, layout_basic, shapermc_ecumenical_altar_petra,
          st_stairs_8
D:2:      minmay_roachtagon, layout_rooms, basic_altar, uniq_robin
D:3:      layout_loops_ring, uniq_grinder, uniq_natasha
D:4:      layout_loops_corners, nicolae_overflow_guarded_unrand_okawaru_victory,
          nicolae_half_adder
D:5:      layout_loops_cross, minmay_temple_entry_overgrown,
          grunt_decor_junction
D:6:      layout_basic, uniq_duvessa, uniq_menkaure
D:7:      layout_rooms, nicolae_qazlal_beasts_of_the_sky, enter_bailey_8
D:8:      layout_loops_ring, nicolae_sif_muna_condensation, lair_entry_dummy,
          minmay_hedge_maze, wad_rectangle_vault, uniq_erica, uniq_jeremiah
D:9:      layout_roguey, mainiacjoe_overflow_small_starburst, hiddenorc2_lemuel,
          uniq_gastronok
D:10:     minmay_clustersquares, layout_rooms,
          ploomutoo_gammafunk_ghost_potion_laboratory, minivault_7
D:11:     layout_loops_ring
Temple:   nicolae_temple_bog_church
Lair:1:   layout_loops_ring, ldierk_geyser, serial_bayou_lagoon_a,
          lemuel_fruit_tree
Lair:2:   layout_loops_ring, nzn_ghost_randoct, lemuel_oklob_altar,
          infiniplex_staircase_pool
Lair:3:   layout_small_grid, swamp_mist, nicolae_snake_entry_warm_welcome,
          hangedman_tree_tricks
Lair:4:   layout_loops_ring, nicolae_slime_entry_slimehenge,
          infiniplex_staircase_pool_2, uniq_urug
Lair:5:   evil_forest, layout_layer_cave, hibernation_bobbens,
          grunt_megastairs_5

Skill      XL: |  1  2  3  4  5  6  7  8  9 10 11 12 13 |
---------------+----------------------------------------+-----
Earth Magic    | 4 5 6 7 8 9 10 11 | 11.8
Conjurations   | 2 3 4 5 7 8 9 10 11 12 | 12.7
Spellcasting   | 3 4 5 6 7 8 10 11 | 11.0
Dodging        | 4 |  4.4
Armour         | 1 6 7 |  7.4
Air Magic      | 2 4 |  4.2
Fighting       | 3 6 8 |  8.5
Ice Magic      | 4 6 |  6.0
Fire Magic     | 4 |  4.0
Stealth        | |  2.1

Action                     |  1- 3 |  4- 6 |  7- 9 | 10-12 | 13-15 || total
---------------------------+-------+-------+-------+-------+-------++-------
  Melee: Unarmed           |     9 |       |       |       |       ||     9
         Dagger            |    16 |    47 |     4 |     4 |       ||    71
         Staff             |       |       |       |     2 |       ||     2
   Cast: Sandblast         |    34 |    74 |   214 |   299 |    75 ||   696
         Stone Arrow       |       |       |     6 |    78 |    29 ||   113
         Mephitic Cloud    |       |       |       |    16 |     2 ||    18
         Freezing Cloud    |       |       |       |    11 |    59 ||    70
    Use: Scroll            |       |       |       |     5 |     3 ||     8
         Potion            |       |       |       |       |     1 ||     1
 Armour: Robe              |    26 |    52 |    77 |    65 |       ||   220
         Troll leather arm |       |       |       |   130 |    62 ||   192
  Dodge: Dodged            |    24 |    68 |    77 |   137 |    32 ||   338

Table legend: (Time is in decaauts)
 A = Elapsed time spent in this place.
 B = Non-inter-level travel time spent in this place.
 C = Inter-level travel time spent in this place.
 D = Time resting spent in this place.
 E = Time spent auto-exploring this place.
 F = Levels seen in this place.
 G = Mean time per level.
                   A        B        C        D        E       F      G
               +--------+--------+--------+--------+--------+-----+--------+
         Total |  18260 |  17590 |    670 |   4569 |   9486 |  18 | 1014.4 |
       Dungeon |  13010 |  12479 |    531 |   2777 |   7206 |  11 | 1182.7 |
        Temple |     21 |     12 |      9 |      0 |      0 |   1 |   21.0 |
          Lair |   4795 |   4665 |    130 |   1699 |   2155 |   5 |  959.0 |
        Bailey |    432 |    432 |      0 |     93 |    125 |   1 |  432.0 |
               +--------+--------+--------+--------+--------+-----+--------+

Top non-repeatable levels by time:
    D:10: 1820 daAuts
     D:8: 1765 daAuts
  Lair:3: 1732 daAuts
     D:1: 1535 daAuts
    D:11: 1222 daAuts
     D:3: 1200 daAuts
     D:4: 1128 daAuts
  Lair:1: 1100 daAuts
     D:9: 1056 daAuts
     D:6: 1038 daAuts
  Lair:2: 967 daAuts
  Lair:4: 951 daAuts
     D:5: 939 daAuts
     D:2: 838 daAuts
     D:7: 466 daAuts
